 Dungeon Crawl Stone Soup version 0.29-a0-451-gfbfa42419e (webtiles) character file.

Game seed: 14746084184844543764

476 acebull12 the Sneak (level 7, -4/41 HPs)
             Began as a Kobold Enchanter on May 20, 2022.
             Splashed by a jelly's acid (7 damage)
             ... on level 4 of the Dungeon.
             The game lasted 00:10:19 (5200 turns).

acebull12 the Sneak (Kobold Enchanter)              Turns: 5200, Time: 00:10:20

Health: -4/41      AC: -1    Str: 13    XL:     7   Next: 32%
Magic:  11/11      EV: 16    Int: 16    God:
Gold:   206        SH:  0    Dex: 16    Spells: 9/11 levels left

rFire   . . .      SeeInvis .   a - +1 dagger
rCold   . . .      Faith    .   (no shield)
rNeg    . . .      Spirit   .   b - +0 robe
rPois   .          Reflect  .   (no helmet)
rElec   .          Harm     .   x - +2 cloak
rCorr   .          Rampage  .   h - +1 pair of gloves
Will    .....                   (no boots)
Stlth   ++++......              k - amulet of regeneration
HPRegen 0.93/turn               v - +6 ring of strength
MPRegen 0.12/turn               (no ring)

@: lethally poisoned (-4 -> -6), corroded, invisible
A: small, no large weapons, nightstalker 3
a: no special abilities


You were on level 4 of the Dungeon.
You visited 1 branch of the dungeon, and saw 5 of its levels.

You collected 206 gold pieces.

Inventory:

Hand Weapons
 a - a +1 dagger (weapon)
Armour
 b - a +0 robe (worn)
 f - a +0 cloak
 h - a +1 pair of gloves (worn)
 x - a +2 cloak (worn)
Jewellery
 e - a ring of see invisible
 k - an amulet of regeneration (around neck)
 v - a +6 ring of strength (left hand)
Scrolls
 g - a scroll of magic mapping {unknown}
 j - a scroll of amnesia {unknown}
 m - 2 scrolls of poison {unknown}
 n - a scroll of noise {unknown}
 o - 2 scrolls of teleportation {unknown}
 q - a scroll of enchant weapon {unknown}
 s - 3 scrolls of fog
Potions
 c - a potion of invisibility
 d - a potion of brilliance
 i - 2 potions of curing
 p - 3 potions of ambrosia
 t - 2 potions of might
 u - 5 potions of lignification
 w - a potion of berserk rage


   Skills:
 * Level 3.0 Fighting
 * Level 4.8 Short Blades
 + Level 3.7 Dodging
 + Level 6.2 Stealth
 + Level 2.7 Spellcasting
 * Level 4.0 Hexes
 + Level 0.8 Ice Magic


You had 9 spell levels left.
You knew the following spells:

 Your Spells              Type           Power      Damage    Failure   Level
a - Ensorcelled Hibernat  Hex/Ice        20%        N/A       11%         2

Your spell library contained the following spells:

 Spells                   Type           Power      Damage    Failure   Level
 Confusing Touch          Hex            15%        N/A       11%         3
 Tukima's Dance           Hex            15%        N/A       11%         3
 Dazzling Flash           Conj/Hex       16%        N/A       26%         3
 Scorch                   Fire           4%         2d5       28%         2
 Gell's Gravitas          Tloc           2%         N/A       50%         3
 Ignite Poison            Fire/Tmut/Pois 2%         N/A       50%         3
 Flame Wave               Conj/Fire      2%         2d4       88%         4
 Fireball                 Conj/Fire      1%         3d3       99%         5


Dungeon Overview and Level Annotations

Branches:
Dungeon (5/15)
 Temple: D:4-7

Altars:

Annotations:
D:3 3 runed translucent doors


Innate Abilities, Weirdness & Mutations

You are small and have problems with some larger weapons.
You are completely attuned to the shadows.


Message History

The jelly hits you but does no damage.
You feel sick.
You are no longer poisoned.
The adder bites you but does no damage.
You hit the adder.
The adder is lightly wounded.
The adder completely misses you. The adder closely misses you.
You catch the helpless adder completely off-guard!
You impale the adder!!
You kill the adder!
The adder bites you but does no damage.
You strike the helpless adder from behind!
You impale the adder!!
You kill the adder!
The jelly misses you.
Your Fighting skill increases to level 3!
You hit the jelly.
Your hands burn!
The jelly is lightly wounded.
The jelly hits you but does no damage.
You hit the jelly. The acid corrodes you!
Your hands burn!
Your punch misses the jelly.
The jelly is moderately wounded.
You hit the jelly but do no damage. The acid corrodes you!
Your hands burn!
The jelly is moderately wounded.
The jelly hits you. The acid corrodes you!
You are splashed with acid!
The adder hisses angrily.
You hit the jelly but do no damage. The acid corrodes you!
Your hands burn!
The jelly is lightly wounded.
The jelly hits you.
You are splashed with acid!
* * * LOW HITPOINT WARNING * * *
The jelly attacks as you move away! The jelly misses you. The adder bites you.
* * * LOW HITPOINT WARNING * * *
You are poisoned.
The adder poisons you!
You feel sick. The jelly attacks as you move away! The jelly misses you.
You feel sick. The jelly attacks as you move away! The jelly hits you.
* * * LOW HITPOINT WARNING * * *
You are splashed with acid!
You die...

#.# ##### ##.# #.##
##...#########.## #..#
###..............# #
##.####..........#....## ##
#....................## .#
#..............<......## .##
#......................### ..##
#........J...............##
...####....†...S@................
.........>......##...............
.................#...............
...####..........#..............#
#### #................>.......###
# ##.......................## #
##(.......................## # #
##..........................###
#..............................


You could see a jelly and an adder (can't see you).

Vanquished Creatures
  Menkaure (D:4)
  A scorpion (D:5)
  A hound (D:4)
  An orc priest (D:3)
  An orc wizard (D:3)
  Terence (D:2)
  7 adders
  7 worms
  3 dart slugs
  4 orcs
  2 bats
  9 endoplasms
  7 giant cockroaches
  8 hobgoblins
  7 quokkas
  8 ball pythons
  2 frilled lizards
  13 goblins
  8 kobolds
  5 rats
96 creatures vanquished.

Vanquished Creatures (others)
  38 plants (D:2)
38 creatures vanquished.

Grand Total: 134 creatures vanquished

Notes
Turn   | Place    | Note
-------+----------+-------------------------------------------
     0 | D:1      | acebull12 the Kobold Enchanter began the quest for the Orb.
     0 | D:1      | Reached XP level 1. HP: 10/10 MP: 3/3
   465 | D:1      | Reached XP level 2. HP: 15/15 MP: 5/5
   767 | D:1      | Reached XP level 3. HP: 20/20 MP: 6/6
  1407 | D:2      | Learned a level 2 spell: Ensorcelled Hibernation
  1698 | D:2      | Got the Handbook of the Torrid Traveller
  1748 | D:2      | Reached skill level 1 in Fighting
  1748 | D:2      | Reached XP level 4. HP: 25/25 MP: 7/7
  2057 | D:2      | Noticed Terence
  2063 | D:2      | Killed Terence
  2064 | D:2      | Reached skill level 5 in Stealth
  2296 | D:2      | Reached XP level 5. HP: 26/30 MP: 8/8
  3369 | D:3      | Reached XP level 6. HP: 11/35 MP: 4/10
  3477 | D:3      | Found a faded altar of an unknown god.
  3742 | D:3      | Found a runed translucent gate.
  3742 | D:3      | Found a runed translucent gate.
  3742 | D:3      | Found a runed translucent gate.
  4783 | D:4      | Noticed Menkaure
  4787 | D:4      | Killed Menkaure
  4788 | D:4      | Reached skill level 6 in Stealth
  4788 | D:4      | Reached XP level 7. HP: 40/40 MP: 11/11
  5074 | D:5      | Entered Level 5 of the Dungeon
  5200 | D:4      | Splashed by a jelly's acid

Illustrated notes

Levels and vault maps discovered:
D:1:      roderic_octagonal_star, layout_loops_ring, minmay_pentomino_x4
D:2:      layout_loops_cross, st_stairs_4, serial_bayou_lagoon_a, uniq_terence
D:3:      kennysheep_the_goblin_king, layout_loops_ring,
          gammafunk_ghost_necromancy, basic_ecumenical_altar
D:4:      layout_layer_cave, uniq_menkaure
D:5:      layout_rooms, lemuel_temple_firewalk_b, nicolae_fountain_basement

Skill      XL: |  1  2  3  4  5  6  7 |
---------------+----------------------+-----
Short Blades   | 2 3 4 |  4.8
Fighting       | 1 2 3 |  3.0
Stealth        | 5 6 |  6.2
Dodging        | 3 |  3.7
Hexes          | 4 |  4.0
Spellcasting   | |  2.7
Ice Magic      | |  0.8

Action                   |  1- 3 |  4- 6 |  7- 9 || total
-------------------------+-------+-------+-------++-------
Melee: Dagger            |    93 |   234 |    20 ||   347
       Punch             |     1 |     2 |       ||     3
 Cast: Ensorcelled Hiber |     1 |    25 |       ||    26
  Use: Scroll            |       |       |     9 ||     9
       Potion            |       |       |     1 ||     1
 Stab: Sleeping          |    12 |    30 |     1 ||    43
       Distracted        |     1 |       |       ||     1
       Invisible         |       |       |     2 ||     2
Armor: Robe              |    15 |    39 |    16 ||    70
Dodge: Dodged            |    47 |   134 |    33 ||   214

Table legend: (Time is in decaauts)
 A = Elapsed time spent in this place.
 B = Non-inter-level travel time spent in this place.
 C = Inter-level travel time spent in this place.
 D = Time resting spent in this place.
 E = Time spent auto-exploring this place.
 F = Levels seen in this place.
 G = Mean time per level.
                   A        B        C        D        E       F      G
               +--------+--------+--------+--------+--------+-----+--------+
         Total |   5171 |   4890 |    281 |    383 |   3676 |   5 | 1034.2 |
       Dungeon |   5171 |   4890 |    281 |    383 |   3676 |   5 | 1034.2 |
               +--------+--------+--------+--------+--------+-----+--------+

Top non-repeatable levels by time:
     D:2: 1663 daAuts
     D:1: 1317 daAuts
     D:4: 1180 daAuts
     D:3: 961 daAuts
     D:5: 48 daAuts
